 Dungeon Crawl Stone Soup version 0.29-a0-1008-g949cc1d0fb (webtiles) character file.

Game seed: 14162201393153412011

3793 vurker the Skirmisher (level 9, -1/81 HPs)
             Began as a Minotaur Hunter on Aug 7, 2022.
             Killed from afar by a gargoyle (20 damage)
             ... with a stone arrow
             ... on level 7 of the Dungeon.
             The game lasted 00:09:17 (6013 turns).

vurker the Skirmisher (Minotaur Hunter)             Turns: 6013, Time: 00:09:18

Health: -1/81      AC: 14    Str: 20    XL:     9   Next: 96%
Magic:  8/8        EV: 14    Int:  6    God:
Gold:   476        SH:  0    Dex: 14    Spells: 8/8 levels left

rFire   . . .      SeeInvis .   a - +1 shortbow
rCold   . . .      Faith    .   (shield currently unavailable)
rNeg    . . .      Spirit   .   y - +0 chain mail
rPois   .          Reflect  .   (helmet restricted)
rElec   .          Harm     .   (no cloak)
rCorr   .          Rampage  .   D - +0 pair of gloves
Will    .....                   v - +1 pair of boots
Stlth   ..........              k - amulet of regeneration
HPRegen 1.03/turn               e - +4 ring of evasion
MPRegen 0.11/turn               i - +4 ring of slaying

@: no status effects
A: horns 2, retaliatory headbutt
a: no special abilities


You were on level 7 of the Dungeon.
You visited 1 branch of the dungeon, and saw 7 of its levels.
You also visited: Sewer.

You collected 476 gold pieces.

Inventory:

Hand Weapons
 a - a +1 shortbow (weapon)
Armour
 v - a +1 pair of boots (worn)
   (You found it on level 3 of the Dungeon)
 y - a +0 chain mail (worn)
   (You found it on level 7 of the Dungeon)
 D - a +0 pair of gloves (worn)
   (You found it on level 2 of the Dungeon)
Jewellery
 d - a ring of magical power
   (You found it on level 5 of the Dungeon)
 e - a +4 ring of evasion (left hand)
   (You found it on level 1 of the Dungeon)
 i - a +4 ring of slaying (right hand)
   (You found it on level 1 of the Dungeon)
 k - an amulet of regeneration (around neck)
   (You found it on level 2 of the Dungeon)
 x - a +4 ring of evasion
   (You found it on level 3 of the Dungeon)
Wands
 l - a wand of roots (25)
   (You found it on level 2 of the Dungeon)
 u - a wand of polymorph (3)
   (You found it on level 6 of the Dungeon)
Scrolls
 b - 2 scrolls of immolation
 f - a scroll of teleportation
 m - a scroll of fear
 n - 3 scrolls of fog
Potions
 g - a potion of attraction {unknown}
 h - a potion of cancellation {unknown}
 j - 4 potions of might
 o - 4 potions of invisibility
 p - 2 potions of degeneration {unknown}
 q - 2 potions of flight {unknown}
 r - 2 potions of lignification {unknown}
 t - 5 potions of curing
 w - 3 potions of ambrosia {unknown}
 z - a potion of resistance {unknown}
 B - a potion of heal wounds {unknown}


   Skills:
 + Level 8.1 Fighting
 * Level 11.0 Ranged Weapons
 + Level 7.3 Armour
 + Level 7.2 Dodging
 - Level 0.7 Stealth


You had 8 spell levels left.
You didn't know any spells.
Your spell library contained the following spells:

 Spells                   Type           Power      Damage    Failure   Level
 Foxfire                  Conj/Fire      0%         2x1d4     99%         1
 Freeze                   Ice            0%         1d3       99%         1
 Slow                     Hex            0%         N/A       99%         1
 Confusing Touch          Hex            0%         N/A       100%        3
 Conjure Flame            Conj/Fire      0%         6-21      100%        3
 Frozen Ramparts          Ice            0%         1d1       100%        3
 Inner Flame              Hex/Fire       0%         N/A       100%        3
 Vampiric Draining        Necr           0%         2d6       100%        3
 Flame Wave               Conj/Fire      0%         2d4       100%        4
 Hailstorm                Conj/Ice       0%         3d3       100%        4


Dungeon Overview and Level Annotations

Branches:
Dungeon (7/15)             Temple (0/1) D:4           Sewer (visited)

Altars:
Fedhas
Trog
Wu Jian

Shops:
D:5 ?


Innate Abilities, Weirdness & Mutations

You have a pair of horns on your head.
You reflexively headbutt those who attack you in melee.


Message History

The gargoyle hits you but does no damage.
You shoot an arrow. The arrow hits the gargoyle.
The gargoyle hurls a stone arrow at you.
The stone arrow hits you!
The gargoyle hits you with a +0 morningstar!
You shoot an arrow. The arrow hits the gargoyle!
The gargoyle hurls a stone arrow at you.
The stone arrow misses you.
You shoot an arrow. The arrow hits the gargoyle.
The gargoyle hurls a stone arrow at you.
The stone arrow misses you.
You shoot an arrow.
The arrow hits the gargoyle but does no damage.
The gargoyle hurls a stone arrow at you.
The stone arrow misses you.
The gargoyle hits you with a +0 morningstar.
You shoot an arrow.
The arrow hits the gargoyle but does no damage.
The gargoyle hits you with a +0 morningstar!
You shoot an arrow. The arrow hits the gargoyle!
You destroy the gargoyle!
Your Ranged Weapons skill increases to level 11!
You open the door.
A gargoyle comes into view. It is wielding a +0 mace.
Found a falchion.
You shoot an arrow. The arrow hits the gargoyle.
The gargoyle hurls a stone arrow at you.
The stone arrow hits you!!
The gargoyle hurls a stone arrow at you.
The stone arrow hits you!
* * * LOW HITPOINT WARNING * * *
Fire: a) +1 shortbow
Aim: a gargoyle, wielding a +0 mace (lightly damaged, 82% to hit)
You shoot an arrow. The arrow hits the gargoyle.
The gargoyle hits you with a +0 mace.
* * * LOW HITPOINT WARNING * * *
Fire: a) +1 shortbow
Aim: a gargoyle, wielding a +0 mace (lightly damaged, 82% to hit)
You shoot an arrow. The arrow barely misses the gargoyle.
The gargoyle hurls a stone arrow at you.
The stone arrow hits you!!
* * * LOW HITPOINT WARNING * * *
Fire: a) +1 shortbow
Aim: a gargoyle, wielding a +0 mace (lightly damaged, 82% to hit)
You shoot an arrow.
The arrow hits the gargoyle but does no damage.
The gargoyle barely misses you.
The gargoyle hurls a stone arrow at you.
The stone arrow hits you!!
You die...

###)......##...##....#
...###..###8...8###..#
##)# #..# ##...##8#..#
##.###.###+.....'###.#
..)....# #.......#8#.#
##.###.# +.......'##.#
### #.# #.##....8....##.#
#.. #.#
#.##+.......)##.## #.#
#.# #.# #......@#)#..#
#.. ##.#
#.###+.....9###..### ###
...# #..#
##+.+##)#.....###### ####
##.### ## ###.#.#.##...##
#...#######...#.#.#>###.#
###.........###.....# #.#
#.#.#########.#.#.###.#
#####
#...########....##...##
....#
#......)........##...####


You could see a gargoyle.

Vanquished Creatures
  Pikel (D:3)
  A gargoyle (D:7)
  A steam dragon (D:7)
  2 water moccasins
  2 sky beasts
  2 ogres
  2 ice beasts (D:6)
  2 black bears
  A centaur (D:6)
  A phantom (D:4)
  2 lemures (D:3)
  6 scorpions
  2 bullfrogs (Sewer)
  4 necrophages
  A water moccasin zombie (D:4)
  8 wights (D:7)
  A jelly (D:4)
  An orc priest (D:4)
  5 iguanas
  3 orc wizards
  A howler monkey zombie (D:4)
  16 adders
  8 gnolls
  3 river rats (D:6)
  A white imp (D:5)
  An ufetubus (D:7)
  4 worms
  17 orcs
  19 ball pythons
  9 bats
  15 endoplasms
  9 giant cockroaches
  10 goblins
  13 hobgoblins
  2 jackals (D:4)
  7 kobolds
  16 quokkas
  10 frilled lizards
  10 rats
219 creatures vanquished.

Vanquished Creatures (others)
  3 bushes (D:4)
  12 plants (D:4)
15 creatures vanquished.

Grand Total: 234 creatures vanquished

Notes
Turn   | Place    | Note
-------+----------+-------------------------------------------
     0 | D:1      | vurker the Minotaur Hunter began the quest for the Orb.
     0 | D:1      | Reached XP level 1. HP: 18/18 MP: 0/0
   155 | D:1      | Reached XP level 2. HP: 25/25 MP: 1/1
   243 | D:1      | Found a faded altar of an unknown god.
   246 | D:1      | Reached skill level 5 in Ranged Weapons
   484 | D:2      | Reached XP level 3. HP: 31/31 MP: 2/2
   496 | D:2      | Found a blossoming altar of Fedhas.
   648 | D:2      | Reached skill level 1 in Armour
   661 | D:2      | Reached XP level 4. HP: 38/38 MP: 3/3
  1333 | D:2      | Reached XP level 5. HP: 36/46 MP: 4/4
  1751 | D:2      | Found a blossoming altar of Fedhas.
  2020 | D:3      | Found an ornate altar of the Wu Jian Council.
  2636 | D:4      | Reached skill level 6 in Ranged Weapons
  2644 | D:3      | Reached XP level 6. HP: 32/52 MP: 5/5
  2769 | D:4      | Found a blossoming altar of Fedhas.
  2888 | D:4      | Noticed Pikel
  3001 | D:3      | Killed Pikel
  3002 | D:3      | Reached skill level 5 in Fighting
  3002 | D:3      | Reached skill level 7 in Ranged Weapons
  3002 | D:3      | Reached XP level 7. HP: 38/61 MP: 6/6
  3276 | D:4      | Found a staircase to the Ecumenical Temple.
  3373 | D:4      | Reached skill level 8 in Ranged Weapons
  3373 | D:4      | Reached XP level 8. HP: 69/69 MP: 7/7
  3405 | D:5      | Entered Level 5 of the Dungeon
  3681 | D:5      | Reached skill level 5 in Dodging
  3982 | D:5      | Reached skill level 5 in Armour
  4040 | D:5      | Found Witryof's Magic Scroll Shop.
  4182 | D:5      | Found a bloodstained altar of Trog.
  4378 | D:6      | Reached skill level 9 in Ranged Weapons
  4511 | D:6      | Found a glowing drain.
  4515 | Sewer    | Entered a sewer
  4733 | Sewer    | Reached XP level 9. HP: 78/78 MP: 8/8
  5216 | D:6      | Reached skill level 10 in Ranged Weapons
  5971 | D:7      | Noticed a gargoyle
  5980 | D:7      | Killed a gargoyle
  5981 | D:7      | Reached skill level 11 in Ranged Weapons
  6009 | D:7      | Noticed a gargoyle
  6013 | D:7      | Killed from afar by a gargoyle

Illustrated notes

Levels and vault maps discovered:
D:1:      dpeg_arrival_long_road, layout_rooms,
          shapermc_ecumenical_altar_acropolis, st_stairs_12,
          minmay_misc_feat_rugged
D:2:      minmay_razor_zed, layout_loops_cross, basic_altar,
          minmay_misc_feat_four_crosses, hangedman_decor_clover_reticule
D:3:      layout_basic, pdpol_wu_jian_five_deadly_venoms
D:4:      layout_rooms, fedhas_altar_decomposition,
          minmay_temple_entry_gardened_gates, minmay_bisected, uniq_pikel
D:5:      layout_basic, lightli_temple_of_fire, serial_shops,
          kennysheep_mini_moat
D:6:      layout_rooms, lightli_sewer_entry_pipes, lemuel_flamethrower_2
D:7:      cheibrodos_statue_roulette, layout_loops_ring, minmay_crossroads

Skill      XL: |  1  2  3  4  5  6  7  8  9 |
---------------+----------------------------+-----
Ranged Weapons | 5 6 7 8 9 11 | 11.0
Fighting       | 3 4 5 6 8 |  8.1
Armour         | 1 2 4 5 7 |  7.3
Dodging        | 3 4 6 7 |  7.2
Stealth        | |  0.7

Action                   |  1- 3 |  4- 6 |  7- 9 || total
-------------------------+-------+-------+-------++-------
 Fire: Shortbow          |    87 |   174 |   398 ||   659
  Use: Scroll            |       |       |    14 ||    14
Armor: Leather armour    |     6 |    14 |    24 ||    44
       Chain mail        |       |       |    14 ||    14
Dodge: Dodged            |    24 |    57 |   127 ||   208

Table legend: (Time is in decaauts)
 A = Elapsed time spent in this place.
 B = Non-inter-level travel time spent in this place.
 C = Inter-level travel time spent in this place.
 D = Time resting spent in this place.
 E = Time spent auto-exploring this place.
 F = Levels seen in this place.
 G = Mean time per level.
                   A        B        C        D        E       F      G
               +--------+--------+--------+--------+--------+-----+--------+
         Total |   6221 |   5824 |    397 |     52 |   4337 |   8 |  777.6 |
       Dungeon |   5909 |   5512 |    397 |     52 |   4173 |   7 |  844.1 |
         Sewer |    311 |    311 |      0 |      0 |    163 |   1 |  311.0 |
               +--------+--------+--------+--------+--------+-----+--------+

Top non-repeatable levels by time:
     D:2: 1642 daAuts
     D:7: 811 daAuts
     D:3: 806 daAuts
     D:4: 760 daAuts
     D:5: 737 daAuts
     D:6: 656 daAuts
     D:1: 493 daAuts
   Sewer: 311 daAuts
